 Dungeon Crawl Stone Soup version 0.30.1-4-g462c640d31 (webtiles) character file.

Game seed: 9511053941813450893

66 GordonOverkill the Chopper (level 4, -8/38 HPs)
             Began as a Hill Orc Gladiator on Aug 17, 2023.
             Mangled by an orc priest
             ... wielding a +1 hand axe of electrocution
              (19 damage)
             ... on level 3 of the Dungeon.
             The game lasted 00:02:29 (1729 turns).

GordonOverkill the Chopper (Hill Orc Gladiator)     Turns: 1729, Time: 00:02:30

Health: -8/38      AC:  4    Str: 18    XL:     4   Next: 15%
Magic:  4/4        EV: 12    Int:  8    God:
Gold:   106        SH:  0    Dex: 12    Spells: 3/3 levels left

rFire   . . .        k - +3 short sword (venom)
rCold   . . .        (no shield)
rNeg    . . .        b - +0 leather armour
rPois   .            c - +0 helmet
rElec   .            (no cloak)
rCorr   .            (no gloves)
SInv    .            (no boots)
Will    +....        (no amulet)
Stlth   +            p - ring of willpower
HPRegen 0.26/turn    (no ring)
MPRegen 0.09/turn

%: no passive effects
@: no status effects
A: no striking features
a: Convert to Beogh


You were on level 3 of the Dungeon.
You visited 1 branch of the dungeon, and saw 3 of its levels.

You collected 176 gold pieces.
You spent 70 gold pieces at shops.

Inventory:

Hand Weapons
 a - a +0 war axe
 k - a +3 short sword of venom (weapon)
Missiles
 d - 3 throwing nets
 e - 6 javelins
 l - an atropa-tipped dart (quivered)
Armour
 b - a +0 leather armour (worn)
 c - a +0 helmet (worn)
Jewellery
 p - a ring of willpower (left hand)
 w - an amulet of faith
 A - a ring of resist corrosion
Scrolls
 f - 2 scrolls of teleportation {unknown}
 g - 3 scrolls of identify {unknown}
 h - 3 scrolls of poison {unknown}
 i - 2 scrolls of fear {unknown}
 j - a scroll of magic mapping {unknown}
 m - a scroll of noise {unknown}
 n - a scroll of torment {unknown}
 q - a scroll of immolation {unknown}
 r - a scroll of summoning {unknown}
 s - a scroll of enchant armour {unknown}
 x - a scroll of amnesia {unknown}
 y - a scroll of blinking {unknown}
 B - a scroll of fog {unknown}
Potions
 o - 2 potions of curing {unknown}
 t - a potion of berserk rage {unknown}
 u - a potion of mutation {unknown}
 v - 2 potions of heal wounds
 z - a potion of degeneration {unknown}


   Skills:
 + Level 3.2 Fighting
 + Level 0.0 Short Blades
 * Level 5.3 Axes
 - Level 2.0 Throwing
 + Level 2.8 Dodging


You had 3 spell levels left.
You didn't know any spells.
Your spell library was empty.

Dungeon Overview and Level Annotations

Branches:
Dungeon (3/15)

Altars:

Shops:
D:3 *


Message History

You start resting.
HP restored.
You climb downwards.
There is a stone staircase leading up here.
Throw: 3 darts (atropa)
Press: ? - help, Q - select action, (/) - cycle Shift-Dir - straight line, f - orc
Aim: an orc, wielding a +0 whip (59% to hit, chance to blind on hit: 100%)
You throw an atropa-tipped dart. The atropa-tipped dart hits the orc.
The orc appears confused.
Throw: 2 darts (atropa)
Press: ? - help, Q - select action, (/) - cycle Shift-Dir - straight line, f/p - orc
Aim: an orc, wielding a +0 whip (confused, blind, 78% to hit, chance to blind on hit: 100%)
You throw an atropa-tipped dart. The atropa-tipped dart hits the orc.
The orc appears confused.
An orc comes into view. It is wielding a +0 hand axe.
The orc priest looks braver for a moment.
The orc hits you with a +0 hand axe.
The orc priest hits you with a +1 hand axe of electrocution.
You see here an atropa-tipped dart.
You closely miss the orc priest.
The orc seems less confused.
The orc hits you with a +0 hand axe.
The orc priest hits you but does no damage.
You hit the orc priest.
The orc priest is moderately wounded.
The orc priest shouts, "Surrender to Beogh and we'll let you live!"
The orc hits you with a +0 hand axe.
* * * LOW HITPOINT WARNING * * *
The orc priest mumbles some strange prayers to Beogh against you.
Beogh smites you!
* * * LOW HITPOINT WARNING * * *
The orc wizard closely misses you.
You closely miss the orc priest.
The orc priest shouts, "Surrender to Beogh and we'll let you live!"
The orc priest is moderately wounded.
The orc barely misses you.
The orc priest hits you with a +1 hand axe of electrocution.
* * * LOW HITPOINT WARNING * * *
You are electrocuted!!
Ouch! That really hurt!
You die...

######### #...>......#
........### #..........#
........#.# #..........#
........#.## #..........#
........#..#####..........#
............##............#
....>....##.##............#
........o......o.##########
........#...####@o####
...............o#....#
##......###.###.#....#
##..........###.#.<.o#
......#####.(......#####
........##......)..#∩'.#
.....##......###<..###.#
..#......).÷...÷...)...# ####
.###)...........####..####..#


You could see an orc priest, an orc wizard and 2 orcs.

Vanquished Creatures
  3 adders
  2 worms
  2 bats (D:1)
  2 endoplasms
  6 goblins
  3 hobgoblins
  4 jackals (D:1)
  A ball python (D:2)
  2 frilled lizards
  4 kobolds
  6 rats
35 creatures vanquished.

Notes
Turn   | Place    | Note
-------+----------+-------------------------------------------
     0 | D:1      | GordonOverkill the Hill Orc Gladiator began the quest for
                  | the Orb.
     0 | D:1      | Reached XP level 1. HP: 18/18 MP: 1/1
    64 | D:1      | Reached XP level 2. HP: 25/25 MP: 2/2
   645 | D:2      | Reached XP level 3. HP: 26/30 MP: 3/3
   899 | D:2      | Reached skill level 5 in Axes
  1280 | D:3      | Found Yleol's General Store.
  1296 | D:3      | Bought a potion of heal wounds for 70 gold pieces
  1492 | D:3      | Reached XP level 4. HP: 28/38 MP: 4/4
  1729 | D:3      | Mangled by an orc priest

Illustrated notes

Levels and vault maps discovered:
D:1:      amcnicky_arrival_underground_garden, layout_rooms
D:2:      layout_basic, hangedman_decor_points
D:3:      layout_rooms, serial_shops, nicolae_shop_window_shopping

Skill      XL: |  1  2  3 |
---------------+----------+-----
Throwing       | 2 |  2.0
Fighting       | 3 |  3.2
Axes           | 5 |  5.3
Dodging        | |  2.8

Action                     |  1- 3 |  4- 6 || total
---------------------------+-------+-------++-------
  Melee: War axe           |    77 |       ||    77
         Short sword       |    30 |     7 ||    37
  Throw: Dart              |       |     2 ||     2
 Armour: Leather armour    |    37 |     1 ||    38
  Dodge: Dodged            |    65 |     5 ||    70
